 Dungeon Crawl Stone Soup version 0.20-a0-490-g2d938b1 (webtiles) character file.

51 PurpleRed the Sneak (level 3, -1/19 HPs)
             Began as a Vine Stalker Assassin on Jan 15, 2017.
             Slain by an adder (3 damage)
             ... on level 3 of the Dungeon.
             The game lasted 00:04:53 (1403 turns).

PurpleRed the Sneak (Vine Stalker Assassin)         Turns: 1403, Time: 00:04:53

Health: -1/19      AC:  3    Str: 14    XL:     3   Next: 83%
Magic:  0/5        EV: 11    Int: 13    God:
Gold:   104        SH:  0    Dex: 13    Spells: 4/4 levels left

rFire    . . .     SeeInvis .   a - +2 dagger
rCold    . . .     Gourm    .   c - +0 robe
rNeg     . . .     Faith    .   (no shield)
rPois    .         Spirit   +   (no helmet)
rElec    .         Reflect  .   d - +0 cloak
rCorr    .         Harm     .   (no gloves)
MR       .....     Clarity  +   (no boots)
Stlth    ++........             (no amulet)
Regen    0.0/turn               (no ring)
                                j - ring of loudness (curse)

@: lethally poisoned (-1 -> -8), flying
A: fangs 2, clarity, clever 1, clumsy 1, magic shield, antimagic bite, no potion
heal 3, rot immunity
a: no special abilities


You were on level 3 of the Dungeon.
You were hungry.

You visited 1 branch of the dungeon, and saw 3 of its levels.

You collected 104 gold pieces.

Inventory:

Hand Weapons
 a - a +2 dagger (weapon)
 b - a +0 blowgun
 m - a +0 war axe
Missiles
 e - 8 poisoned needles
 f - 2 curare-tipped needles
Armour
 c - a +0 robe (worn)
 d - a +0 cloak (worn)
 r - a cursed -2 chain mail
Jewellery
 j - a cursed ring of loudness (left hand)
Books
 n - a book of Misfortune

   Spells                             Type                      Level
   a - Confusing Touch                Hexes                        1
   b - Confuse                        Hexes                        3
   c - Gell's Gravitas                Hexes/Translocation          3
   d - Petrify                        Transmutation/Earth          4
   e - Metabolic Englaciation         Hexes/Ice                    5
   f - Yara's Violent Unravelling     Hexes/Transmutation          5
Comestibles
 g - 4 bread rations
 h - 2 slices of pizza
 l - a meat ration
 o - a royal jelly


   Skills:
 - Level 2.8 Fighting
 - Level 1.7 Short Blades
 * Level 1.3 Axes
 - Level 1.7 Throwing
 - Level 0.7 Dodging
 - Level 4.8 Stealth
 + Level 1.3 Spellcasting


You had 4 spell levels left.
You didn't know any spells.

Dungeon Overview and Level Annotations

Branches:
Dungeon (2/15)

Altars:


Innate Abilities, Weirdness & Mutations

You have extremely sharp teeth.
When hurt, damage is shared between your health and your magic reserves.
Your bite disrupts and absorbs the magic of your enemies.
Potions cannot restore your health.
You are immune to rotting.
You possess an exceptional clarity of mind.
Your mind is acute. (Int +2)
You are clumsy. (Dex -2)


Message History

You feel sick. The adder closely misses you. The adder bites you.
You miss the adder. Your bite misses the adder.
The adder is severely wounded.
You feel sick. The adder bites you.
* * * LOW HITPOINT WARNING * * *
It was a potion of flight.
You feel very buoyant.
You fly up into the air.
The adder barely misses you.
It was a potion of curing.
Your system rejects the healing.
You feel better. The adder closely misses you. The adder bites you.
* * * LOW HITPOINT WARNING * * *
You are lethally poisoned!
The adder poisons you!
It was a potion of mutation.
You feel extremely strange.
You feel clever.
You feel clumsy.
Your thoughts seem clearer.
* * * LOW HITPOINT WARNING * * *
You feel sick. The adder bites you but does no damage.
It was a potion of heal wounds.
That seemed strangely inert.
The adder bites you.
You die...

...................
#.###.#.###..##### #. #.#(#
#..# # .. .. #.#.# #).#
####.#.. .. #.#.# #..#
##.....#. ..###...###..#
#....... .
..#.#.#.#.#..###......# ...
.#.#.#.#.#.#.....####.#....
#.#.#.#.#.#.....@S........#
.#.#.#.#.#.###.#.#.........
#.#.#.#.#.#.##.#.#.....##.#
.#.#.#.#.#.###.#.#.....#
#.#.#.#.#.#.##.#.#.....#
.#.#.#.#.#.#...#.#.....#
#.#.#.#.#.#. ....#.....#
.#.#.#.#. #######.###
#.#.#.#. .#


You could see an adder.

Vanquished Creatures
  2 adders (D:2)
  A leopard gecko (D:2)
  An orc (D:3)
  A ball python (D:2)
  3 bats
  2 giant cockroaches (D:1)
  5 goblins
  A hobgoblin (D:1)
  8 kobolds
  2 frilled lizards
  5 rats
  A plant (D:1)
32 creatures vanquished.

Notes
Turn   | Place    | Note
-------+----------+-------------------------------------------
     0 | D:1      | PurpleRed the Vine Stalker Assassin began the quest for the Orb.
     0 | D:1      | Reached XP level 1. HP: 11/11 MP: 2/2
     2 | D:1      | Noticed a felid
     2 | D:1      | Noticed a formicid
     4 | D:1      | Noticed a tengu
     4 | D:1      | Noticed a gargoyle
     6 | D:1      | Noticed a demigod
     6 | D:1      | Noticed a minotaur
     8 | D:1      | Noticed a halfling
     8 | D:1      | Noticed a dwarf
    10 | D:1      | Noticed a demonspawn
    10 | D:1      | Noticed a human
    12 | D:1      | Noticed a vine stalker
    12 | D:1      | Noticed a merfolk
    15 | D:1      | Noticed an elf
    15 | D:1      | Noticed a vampire
    17 | D:1      | Noticed a draconian
    17 | D:1      | Noticed a centaur
    19 | D:1      | Noticed a spriggan
    19 | D:1      | Noticed a ghoul
    21 | D:1      | Noticed a naga
    23 | D:1      | Noticed an octopode
    25 | D:1      | Noticed a troll
    27 | D:1      | Noticed an ogre
   107 | D:1      | Reached XP level 2. HP: 8/16 MP: 1/3
   954 | D:2      | Reached XP level 3. HP: 19/19 MP: 4/4
  1026 | D:2      | Reached skill level 1 in Axes
  1221 | D:2      | Reached skill level 1 in Spellcasting
  1273 | D:2      | You fall through a shaft!
  1402 | D:3      | Gained mutation: Your mind is acute. (Int +2) [potion of mutation]
  1402 | D:3      | Gained mutation: You are clumsy. (Dex -2) [potion of mutation]
  1402 | D:3      | Gained mutation: You possess an exceptional clarity of mind. [potion of mutation]
  1403 | D:3      | Slain by an adder

Vault maps used:
D:1:      kb_arrival_jail, serial_forest, infiniplex_forest_join,
          infiniplex_forest_lined_room_, infiniplex_forest_clump_long,
          infiniplex_forest_clump_medium, infiniplex_forest_straight_3,
          infiniplex_forest_end_2, infiniplex_forest_end_1
D:2:      wad_pebble_path
D:3:      lightli_temple_of_fire

Skill      XL: |  1  2  3 |
---------------+----------+-----
Fighting       | 2 |  2.8
Axes           | 1 |  1.3
Spellcasting   | 1 |  1.3
Short Blades   | |  1.7
Throwing       | |  1.7
Dodging        | |  0.7
Stealth        | |  4.8

Action                   || total
-------------------------++-------
Melee: Dagger            ||   167
       Bite              ||    66
       War axe           ||     1
  Use: Scroll            ||     2
       Potion            ||     4
 Stab: Sleeping          ||     4
  Eat: Chunk             ||     1
Armor: Robe              ||    15
Dodge: Dodged            ||    37
